 Dungeon Crawl Stone Soup version 0.18-a0-1243-g9e52518 (webtiles) character file.

209 namelastname112 the Cudgeler (level 5, -1/45 HPs)
             Began as a Draconian Gladiator on Feb 5, 2016.
             Killed from afar by a white imp (12 damage)
             ... with a puff of frost
             ... summoned by Natasha
             ... on level 3 of the Dungeon.
             The game lasted 00:03:53 (1783 turns).

namelastname112 the Cudgeler (Draconian Gladiator)  Turns: 1783, Time: 00:03:53

Health: -1/45      AC:  5    Str: 23    XL:     5   Next: 55%
Magic:  5/5        EV: 13    Int:  8    God:
Gold:   89         SH:  0    Dex: 12    Spells: 0 memorised, 4 levels left

rFire  . . .     SeeInvis .     m - +0 short sword (drain)
rCold  . . .     Gourm    .     (armour unavailable)
rNeg   . . .     Faith    .     (no shield)
rPois  .         Spirit   .     b - +0 hat
rElec  .         Dismiss  .     (no cloak)
rCorr  .         Reflect  .     (no gloves)
SustAt .         Harm     .     (no boots)
MR     .....                    (no amulet)
Stlth  +.........               (no ring)
                                (no ring)

@: mighty, not resistant to hostile enchantments, very unstealthy
A: unfitting armour, cold-blooded, AC +5
a: no special abilities


You were on level 3 of the Dungeon.
You were not hungry.

You visited 1 branch of the dungeon, and saw 3 of its levels.

You collected 89 gold pieces.

Inventory:

Hand Weapons
 a - a +0 flail
 m - a +0 short sword of draining (weapon)
Missiles
 c - 3 throwing nets (quivered)
Armour
 b - a +0 hat (worn)
Scrolls
 e - 3 scrolls of identify {unknown}
 g - 3 scrolls of blinking {unknown}
 j - a scroll of random uselessness {unknown}
 n - a scroll of enchant armour {unknown}
 o - 3 scrolls of remove curse {unknown}
Potions
 f - a potion of resistance {unknown}
 i - a potion of heal wounds {unknown}
 k - a potion of might
 p - 3 potions of poison {unknown}
 q - a potion of mutation {unknown}
 r - 2 potions of invisibility {unknown}
Comestibles
 d - 2 bread rations
 h - a royal jelly


   Skills:
 + Level 3.2 Fighting
 * Level 4.7 Maces & Flails
 + Level 2.7 Throwing
 + Level 3.5 Dodging


You had 4 spell levels left.
You didn't know any spells.

Dungeon Overview and Level Annotations

Branches:
Dungeon (3/15)

Altars:
Gozag
Kikubaaqudgha
Nemelex Xobeh
Qazlal
Sif Muna

Annotations:
D:3 Natasha


Innate Abilities, Weirdness & Mutations

Your plain brown scales are hard (AC +5).
Your body does not fit into most forms of armour.
You are cold-blooded and may be slowed by cold attacks.


Message History

The jackal barely misses you. The orc closely misses you.
Natasha mumbles some strange words.
The jackal misses you. The orc closely misses you.
Drink which item? (? for menu, Esc to quit)
It was a potion of might.
You feel very mighty all of a sudden. The jackal misses you.
The orc misses you. The orc hits you.
* * * LOW HITPOINT WARNING * * *
Unknown command.
Natasha seems less drained.
Natasha closely misses you. The orc barely misses you.
Found 10 gold pieces.
Things that are here:
a hand axe; an orc corpse You miss Natasha.
Natasha is heavily wounded.
The jackal closely misses you. The white imp gestures at you.
The puff of frost hits you!
You die...

#.... #############
#.... #...........#
#....
#.......5...######.
#?..l...l......#E#.
#..gh..h..o....###.
.#.###o#g########.......
.....$h#h# #.o....>
#...5.@o# #.g..†..
######### #o......
##o###.. o.o. ##.
#.o.⌠.. ## #...$...
#.8._._.8 #........
##...⌠


You could see Natasha, a white imp, 2 orcs, 2 jackals, a hobgoblin, a goblin and
a giant newt.

Vanquished Creatures
  An orc priest (D:3)
  An orc wizard (D:3)
  Natasha (D:3)
  Terence (D:2)
  4 adders
  2 worms (D:2)
  3 giant geckos
  5 orcs (D:3)
  2 giant cockroaches
  11 goblins
  5 hobgoblins
  3 bats
  3 giant newts
  6 kobolds
  6 rats
54 creatures vanquished.

Notes
Turn   | Place    | Note
--------------------------------------------------------------
     0 | D:1      | namelastname112 the Draconian Gladiator began the quest for the Orb.
     0 | D:1      | Reached XP level 1. HP: 17/17 MP: 1/1
   183 | D:1      | Reached XP level 2. HP: 20/25 MP: 2/2
   682 | D:2      | Found a deep blue altar of Sif Muna.
   683 | D:2      | Found an ancient bone altar of Kikubaaqudgha.
   708 | D:2      | Reached XP level 3. HP: 16/30 MP: 3/3
   960 | D:2      | Noticed Terence
   980 | D:2      | Killed Terence
   980 | D:2      | Reached skill level 4 in Maces & Flails
   980 | D:2      | Reached XP level 4. HP: 7/37 MP: 4/4
  1662 | D:3      | Reached XP level 5. HP: 39/44 MP: 5/5
  1734 | D:3      | Found a stormy altar of Qazlal.
  1735 | D:3      | Noticed Natasha
  1737 | D:3      | Noticed a fire elemental
  1737 | D:3      | Noticed an air elemental
  1737 | D:3      | Noticed a water elemental
  1748 | D:3      | Killed Natasha
  1750 | D:3      | Found an opulent altar of Gozag.
  1753 | D:3      | Found a sparkling altar of Nemelex Xobeh.
  1755 | D:3      | Noticed Natasha
  1783 | D:3      | Killed from afar by a white imp

Vault maps used:
D:1:      lordsloth_arrival_two_stooges
D:2:      grunt_temple_overflow_open, uniq_terence
D:3:      grunt_temple_overflow_opulence, nicolae_qazlal_style_of_elements,
          first_bread, uniq_natasha, uniq_sigmund

Action                   |  1- 3 |  4- 6 || total
-------------------------+-------+-------++-------
Melee: Flail             |    52 |       ||    52
       Short sword       |    58 |    80 ||   138
  Use: Potion            |       |     3 ||     3
 Stab: Sleeping          |       |     2 ||     2
  Eat: Chunk             |       |     3 ||     3
